 Dungeon Crawl Stone Soup version 0.31-a0-1338-gb567cfdca4 (webtiles) character file.

Game seed: 11241301375680373989

272 jlumianski the Ruffian (level 6, 0/47 HPs)
             Began as a Gnoll Shapeshifter on Dec 21, 2023.
             Slain by an ogre
             ... wielding a +0 giant club
              (11 damage)
             ... on level 2 of the Dungeon.
             The game lasted 00:11:51 (3295 turns).

jlumianski the Ruffian (Gnoll Shapeshifter)         Turns: 3295, Time: 00:11:51

Health: 0/47       AC:  8    Str: 15    XL:     6   Next: 23%
Magic:  9/9        EV:  8    Int:  9    God:
Gold:   23         SH:  0    Dex: 12    Spells: 9/9 levels left

rFire   . .          .
                       - Unarmed
rCold   . . .        (no shield)
rNeg    . . .        e - +0 chain mail
rPois   .            (helmet currently unavailable)
rElec   .            (cloak currently unavailable)
rCorr   .            (gloves currently unavailable)
SInv    .            (boots currently unavailable)
Will    +....        (no amulet) Stlth
                     p - ring of willpower
HPRegen 0.27/turn    (no ring)
MPRegen 0.11/turn

%: no passive effects
@: beast-form
A: beast (slay +3), fangs 1, strong nose, distributed training
a: Begin Untransformation


You were on level 2 of the Dungeon.
You were a hulking beast.
You visited 1 branch of the dungeon, and saw 5 of its levels.

You collected 208 gold pieces.
You spent 185 gold pieces at shops.

Inventory:

Missiles
 j - a poisoned dart (quivered)
 q - 7 boomerangs
 t - 6 javelins
Armour
 a - a +0 animal skin
 e - a +0 chain mail (worn)
 h - a +0 scale mail
 u - a +0 cloak
Jewellery
 p - a ring of willpower (left hand)
Talismans
 c - a beast talisman
 d - a flux talisman
Scrolls
 g - a scroll of noise
 i - a scroll of enchant weapon
 o - a scroll of teleportation
 v - a scroll of amnesia
 w - a scroll of vulnerability {unknown}
Potions
 b - a potion of lignification
 f - 2 potions of resistance
 k - a potion of curing
 l - a potion of attraction
 m - a potion of haste
 r - a potion of invisibility
 s - a potion of magic


   Skills:
 + Level 3.2 Fighting
 + Level 2.0 Short Blades
 + Level 2.0 Long Blades
 + Level 2.0 Axes
 + Level 2.0 Maces & Flails
 + Level 2.0 Polearms
 + Level 2.0 Staves
 + Level 2.0 Ranged Weapons
 + Level 2.0 Throwing
 + Level 2.0 Armour
 + Level 5.0 Dodging
 + Level 2.0 Stealth
 + Level 2.0 Shields
 + Level 6.8 Unarmed Combat
 + Level 2.0 Spellcasting
 + Level 1.5 Conjurations
 + Level 1.5 Hexes
 + Level 1.5 Summonings
 + Level 1.5 Necromancy
 + Level 1.5 Translocations
 + Level 1.5 Fire Magic
 + Level 1.5 Ice Magic
 + Level 1.5 Air Magic
 + Level 1.5 Earth Magic
 + Level 1.5 Alchemy
 + Level 2.1 Invocations
 + Level 2.0 Evocations
 + Level 6.7 Shapeshifting


You had 9 spell levels left.
You didn't know any spells.
Your spell library contained the following spells:

 Spells                   Type           Power      Damage    Failure   Level
 Blink                    Tloc           6%         N/A       99%         2
 Lesser Beckoning         Tloc           6%         N/A       99%         2
 Momentum Strike          Conj/Tloc      6%         3d8       99%         2
 Dazzling Flash           Conj/Hex       6%         N/A       100%        3
 Mephitic Cloud           Conj/Alch/Air  3%         N/A       100%        3
 Volatile Blastmotes      Fire/Tloc      6%         2d10      100%        3
 Fulminant Prism          Conj/Alch      1%         3d5       100%        4
 Iskenderun's Mystic Bla  Conj/Tloc      3%         2d3       100%        4
 Agony                    Necr           3%         N/A       100%        5
 Silence                  Hex/Air        1%         N/A       100%        5


Dungeon Overview and Level Annotations

Branches:
Dungeon (5/15)
 Temple: D:4-7

Altars:
Dithmenos
Fedhas
Gozag

Shops:
D:3 ?[[

Annotations:
D:4 3 runed translucent doors, Edmund, Eustachio


Innate Abilities, Weirdness & Mutations

You are a hulking beast.
Your limbs bulge with bestial killing power. (Slay +3)
You have very sharp teeth.
Your uncanny sense of smell can sniff out nearby items.
Your experience applies equally to all skills.


Message History

The iguana bites you! The orc barely misses you.
There is a stone staircase leading up, spattered with blood here.
The goblin hits you but does no damage. The ogre hits you with a +0 giant club!
The iguana bites you!
* * * LOW HITPOINT WARNING * * *
The orc barely misses you.
You climb upwards.
There is a stone staircase leading down here.
Blink to where?
Press: ? - help, Dir - move target
As you read the scroll of blinking, it crumbles to dust.
Okay, then.
Unknown command.
Unknown command.
Things that are here:
a +0 leather armour; a +0 hand axe; a +0 short sword
Things that are here:
a +0 leather armour; a +0 club
There is a stone staircase leading up here.
You climb upwards.
There is a stone staircase leading down here.
You start resting.
HP restored.
You climb downwards.
The ogre hits you with a +0 giant club!
There is a stone staircase leading up here.
You climb upwards.
There is a stone staircase leading down here.
You punch the ogre!
The ogre is moderately wounded.
The ogre hits you with a +0 giant club!
You hit the ogre.
The ogre is heavily wounded.
The ogre hits you with a +0 giant club!
* * * LOW HITPOINT WARNING * * *
You hit the ogre.
The ogre is heavily wounded.
You hit the ogre. Your bite misses the ogre.
The ogre is severely wounded.
The ogre hits you with a +0 giant club!
You die...

####### ####### #.....# ##
#.....######### #.##.## .#
#.............# #.##.#
.######..........O..####.##.#
................h........##.#
.#####..............#######.#
.# #..............# #.# .#
#......####.#### #.#
.######.....# #.# #.# ....#
####### #.# #####.# ....# #.#
#.....# ....# #.# #.#####
....# #.# #.#


You could see an ogre.

Vanquished Creatures
  2 scorpions
  An orc priest (D:3)
  6 adders
  A dart slug (D:1)
  3 orcs (D:3)
  10 bats
  2 endoplasms
  5 giant cockroaches
  4 goblins
  7 hobgoblins
  3 jackals (D:3)
  9 kobolds
  4 quokkas
  3 ball pythons
  A frilled lizard (D:2)
  5 rats
66 creatures vanquished.

Notes
Turn   | Place    | Note
-------+----------+-------------------------------------------
     0 | D:1      | jlumianski the Gnoll Shapeshifter began the quest for the
                  | Orb.
     0 | D:1      | Reached XP level 1. HP: 17/17 MP: 1/1
   138 | D:2      | Reached XP level 2. HP: 23/23 MP: 2/2
   146 | D:2      | Found a blossoming altar of Fedhas.
   280 | D:2      | Reached XP level 3. HP: 28/28 MP: 2/4
   338 | D:2      | Reached skill level 1 in Invocations
   744 | D:1      | Reached skill level 1 in Short Blades
   744 | D:1      | Reached skill level 1 in Long Blades
   744 | D:1      | Reached skill level 1 in Axes
   744 | D:1      | Reached skill level 1 in Maces & Flails
   744 | D:1      | Reached skill level 1 in Polearms
   744 | D:1      | Reached skill level 1 in Staves
   744 | D:1      | Reached skill level 1 in Ranged Weapons
   744 | D:1      | Reached skill level 1 in Throwing
   744 | D:1      | Reached skill level 1 in Armour
   744 | D:1      | Reached skill level 1 in Stealth
   744 | D:1      | Reached skill level 1 in Shields
   744 | D:1      | Reached skill level 1 in Spellcasting
   744 | D:1      | Reached skill level 1 in Evocations
  1096 | D:1      | Reached XP level 4. HP: 29/34 MP: 5/5
  2259 | D:3      | Found Wotutz's Magic Scroll Shop.
  2282 | D:3      | Reached skill level 1 in Conjurations
  2282 | D:3      | Reached skill level 1 in Hexes
  2282 | D:3      | Reached skill level 1 in Summonings
  2282 | D:3      | Reached skill level 1 in Necromancy
  2282 | D:3      | Reached skill level 1 in Translocations
  2282 | D:3      | Reached skill level 1 in Fire Magic
  2282 | D:3      | Reached skill level 1 in Ice Magic
  2282 | D:3      | Reached skill level 1 in Air Magic
  2282 | D:3      | Reached skill level 1 in Earth Magic
  2282 | D:3      | Reached skill level 1 in Alchemy
  2292 | D:3      | Found Tiukkeg's Antique Armour Shop.
  2328 | D:3      | Bought a scroll of identify for 20 gold pieces
  2328 | D:3      | Bought a scroll of identify for 20 gold pieces
  2328 | D:3      | Bought a scroll of blinking for 75 gold pieces
  2328 | D:3      | Bought a scroll of identify for 20 gold pieces
  2328 | D:3      | Bought a scroll of identify for 20 gold pieces
  2328 | D:3      | Bought a scroll of teleportation for 30 gold pieces
  2368 | D:3      | Found Hycimell's Antique Armour Emporium.
  2371 | D:3      | You fall into a shaft and drop 2 floors!
  2371 | D:5      | Entered Level 5 of the Dungeon
  2418 | D:5      | Noticed a scorpion
  2422 | D:5      | Killed a scorpion
  2423 | D:5      | Reached XP level 5. HP: 41/41 MP: 5/7
  2448 | D:4      | Noticed a kobold brigand
  2448 | D:4      | Found a runed translucent gate.
  2448 | D:4      | Found a runed translucent gate.
  2448 | D:4      | Found a runed translucent gate.
  2448 | D:4      | Found an opulent altar of Gozag.
  2464 | D:4      | Noticed an ogre
  2465 | D:4      | Noticed Edmund
  2466 | D:4      | Found a shadowy altar of Dithmenos.
  2919 | D:4      | Noticed Eustachio
  2963 | D:3      | Reached skill level 5 in Dodging
  2963 | D:3      | Reached XP level 6. HP: 47/47 MP: 7/9
  3295 | D:2      | Slain by an ogre

Illustrated notes

Levels and vault maps discovered:
D:1:      wheals_arrival_linesprint, layout_basic
D:2:      layout_basic, basic_altar, item_on_display_a
D:3:      layout_basic, serial_shops, nicolae_diamond_shop, shop, shop,
          grunt_decor_fettered
D:4:      layout_cave_pools, mainiacjoe_overflow_alcove_4,
          grunt_dithmenos_smoke_and_mirrors, ebering_ghost_gozag,
          minmay_fire_ice_demons, uniq_eustachio, uniq_edmund
D:5:      layout_basic, minmay_temple_entry_hall, uniq_prince_ribbit1,
          uniq_sigmund

Skill      XL: |  1  2  3  4  5 |
---------------+----------------+-----
Invocations    | 1 2 |  2.1
Short Blades   | 1 2 |  2.0
Long Blades    | 1 2 |  2.0
Axes           | 1 2 |  2.0
Maces & Flails | 1 2 |  2.0
Polearms       | 1 2 |  2.0
Staves         | 1 2 |  2.0
Ranged Weapons | 1 2 |  2.0
Throwing       | 1 2 |  2.0
Armour         | 1 2 |  2.0
Stealth        | 1 2 |  2.0
Shields        | 1 2 |  2.0
Spellcasting   | 1 2 |  2.0
Evocations     | 1 2 |  2.0
Conjurations   | 1 |  1.5
Hexes          | 1 |  1.5
Summonings     | 1 |  1.5
Necromancy     | 1 |  1.5
Translocations | 1 |  1.5
Fire Magic     | 1 |  1.5
Ice Magic      | 1 |  1.5
Air Magic      | 1 |  1.5
Earth Magic    | 1 |  1.5
Alchemy        | 1 |  1.5
Fighting       | 3 |  3.2
Dodging        | 5 |  5.0
Unarmed Combat | |  6.8
Shapeshifting  | |  6.7

Action                     |  1- 3 |  4- 6 || total
---------------------------+-------+-------++-------
  Melee: Unarmed           |    65 |    61 ||   126
         Bite              |     1 |     5 ||     6
         Punch             |       |     2 ||     2
  Throw: Dart              |       |     2 ||     2
    Use: Scroll            |       |    10 ||    10
         Potion            |       |     1 ||     1
 Armour: Animal skin       |    10 |       ||    10
         Scale mail        |    25 |    20 ||    45
         Chain mail        |       |    11 ||    11
  Dodge: Dodged            |    41 |    20 ||    61

Table legend: (Time is in decaauts)
 A = Elapsed time spent in this place.
 B = Non-inter-level travel time spent in this place.
 C = Inter-level travel time spent in this place.
 D = Time resting spent in this place.
 E = Time spent auto-exploring this place.
 F = Levels seen in this place.
 G = Mean time per level.
                   A        B        C        D        E       F      G
               +--------+--------+--------+--------+--------+-----+--------+
         Total |   3262 |   3169 |     93 |    220 |   1692 |   5 |  652.4 |
       Dungeon |   3262 |   3169 |     93 |    220 |   1692 |   5 |  652.4 |
               +--------+--------+--------+--------+--------+-----+--------+

Top non-repeatable levels by time:
     D:1: 1248 daAuts
     D:2: 1015 daAuts
     D:3: 846 daAuts
     D:4: 76 daAuts
     D:5: 75 daAuts
